Map: Breakwater LE

Players

WellCraft

  • Race: Zerg Zerg
  • Spawn Location: 1:00

Spider

  • Race: Protoss Protoss
  • Spawn Location: 1:00

Pulpinator - Winner!

  • Race: Protoss Protoss
  • Spawn Location: 7:00

Tyler - Winner!

  • Race: Protoss Protoss
  • Spawn Location: 7:00

VOD

Have the link to the VOD?

Description

Time

  • Played on: Oct. 6, 2025, 3:50 p.m.
  • Length: 15:29
Show
View Real Time Build Order
Export as new Build Order

WellCraft Zerg 

Build Orders: Hatch First 

Get SALT Encoding   

  12  0:00  Drone  
  13  0:12  Drone  
  14  0:35  Hatchery  
  13  0:37  Extractor, Drone  
  13  0:43  Drone  
  14  1:00  Spawning Pool  
  13  1:05  Drone  
  14  1:21  Overlord  
  14  1:47  Drone  
  14  1:53  Spine Crawler  
  15  1:54  Drone x3  
  15  2:01  Lair, Extractor  
  16  2:08  Drone  
  16  2:09  Drone  
  16  2:13  Drone  
  19  2:19  Zergling x2  
  19  2:22  Drone  
  21  2:29  Extractor  
  20  2:30  Extractor  
  20  2:31  Drone  
  20  2:35  Drone  
  21  2:41  Spore Crawler  
  20  2:45  Drone  
  20  2:48  Drone  
  22  2:53  Drone  
  23  3:11  Spire  
  22  3:14  Drone  
  23  3:25  Drone x2  
  25  3:29  Drone  
  25  3:34  Drone  
  27  3:41  Drone  
  28  3:46  Overlord  
  28  4:04  Queen, Drone  
  31  4:10  Spore Crawler  
  31  4:11  Drone  
  31  4:18  Mutalisk  
  33  4:24  Spore Crawler  
  33  4:30  Drone x2  
  34  4:34  Drone  
  35  4:42  Overlord  
  35  4:44  Drone  
  36  4:58  Overlord  
  36  5:01  Zerg Flyer Weapons Level 1  
  36  5:02  Drone  
  37  5:12  Mutalisk  
  37  5:13  Mutalisk  
  41  5:31  Hatchery  
  41  5:32  Drone  
  41  5:38  Drone x2  
  41  5:39  Drone  
  44  5:44  Drone  
  44  5:45  Drone  
  45  5:55  Spine Crawler  
  44  5:58  Mutalisk  
  30  6:27  Drone x3  
  33  6:38  Drone  
  34  6:42  Drone x6  
  40  6:47  Drone x2  
  40  7:14  Mutalisk x3  
  40  7:15  Mutalisk x2  
  44  7:21  Drone  
  44  7:22  Drone, Roach Warren  
  49  7:29  Spine Crawler  
  48  7:31  Drone  
  48  7:35  Mutalisk  
  51  7:37  Drone x2  
  53  7:46  Drone  
  53  7:47  Drone  
  53  7:50  Drone  
  56  7:55  Mutalisk  
  56  7:56  Overlord  
  58  7:58  Overlord  
  58  8:11  Overlord  
  58  8:14  Queen  
  58  8:15  Zergling x2  
  58  8:17  Roach x2  
  58  8:19  Roach  
  67  8:21  Drone x2  
  67  8:24  Drone  
  70  8:28  Overseer  
  70  8:29  Drone  
  70  8:32  Roach  
  70  8:33  Roach  
  75  8:35  Drone  
  76  8:44  Hatchery  
  76  8:46  Glial Reconstitution  
  75  8:50  Zergling x2  
  75  8:54  Roach  
  75  8:55  Roach x2  
  82  9:00  Evolution Chamber  
  81  9:15  Overlord x2  
  81  9:28  Zerg Missile Weapons Level 1  
  81  9:34  Overlord x2  
  81  9:37  Mutalisk x2, Corruptor x2  
  81  9:38  Mutalisk  
  91  9:39  Drone x3  
  88  10:02  Drone  
  88  10:05  Roach x2  
  88  10:06  Roach x3  
  101  10:07  Roach  
  101  10:08  Zergling x4  
  101  10:10  Queen  
  105  10:19  Drone  
  105  10:21  Extractor  
  105  10:25  Drone x2  
  105  10:26  Zergling x2  
  105  10:27  Zergling x2  
  109  10:40  Roach  
  109  10:41  Overlord  
  111  10:44  Drone  
  111  10:49  Extractor  
  111  10:52  Spine Crawler  
  111  10:56  Hatchery  
  109  11:00  Evolution Chamber  
  109  11:01  Roach x2  
  109  11:02  Roach x4  
  109  11:03  Overlord  
  109  11:04  Overlord  
  120  11:06  Overlord  
  120  11:07  Overlord  
  120  11:14  Hatchery, Drone  
  120  11:21  Queen, Overlord  
  120  11:23  Zerg Ground Armor Level 1  
  122  11:35  Roach x3  
  122  11:36  Roach x3  
  122  11:37  Roach x3  
  140  11:48  Drone  
  140  11:49  Drone x2  
  140  11:50  Queen  
  140  11:53  Drone  
  146  11:55  Zerg Missile Weapons Level 2  
  146  12:00  Roach x2  
  150  12:11  Hydralisk Den, Drone x2  
  151  12:20  Roach x2  
  151  12:21  Drone  
  156  12:29  Drone x3  
  159  12:32  Drone  
  159  12:33  Zergling x2  
  159  12:34  Zergling x2, Roach x2  
  159  12:35  Roach x2  
  159  12:36  Roach  
  172  12:38  Overlord  
  172  12:46  Infestation Pit  
  172  12:49  Grooved Spines  
  171  12:59  Extractor, Roach x2  
  171  13:00  Hydralisk x3  
  171  13:02  Overlord x2  
  180  13:07  Overlord  
  180  13:22  Hive  
  180  13:43  Zergling x2  
  180  13:44  Zergling x2, Roach x4  
  173  13:54  Roach  
  173  13:55  Roach x3  
  143  13:57  Roach x3  
  143  13:58  Hydralisk x6  
  143  13:59  Hydralisk x2  
  138  14:06  Drone  
  107  14:14  Hydralisk x2  
  107  14:15  Hydralisk x2  
  115  14:20  Drone x3  
  114  14:35  Roach x2  
  116  14:49  Hydralisk  
  116  14:50  Hydralisk x4  
  116  14:51  Hydralisk x3  
  131  15:04  Hydralisk  
  131  15:05  Hydralisk x4  
Show
View Real Time Build Order
Export as new Build Order

Spider Protoss 

Build Orders: Phoenix Opening, Carriers 

Get SALT Encoding   

  12  0:02  Probe  
  13  0:20  Pylon  
  13  0:29  Probe  
  14  0:41  Probe  
  15  0:56  Gateway  
  15  0:58  Probe  
  16  1:06  Probe  
  16  1:10  Assimilator  
  17  1:23  Assimilator  
  17  1:31  Probe  
  17  1:39  Probe  
  18  1:43  Cybernetics Core  
  19  1:47  Probe, Pylon  
  20  1:59  Probe  
  21  2:05  Nexus  
  21  2:11  Probe  
  22  2:28  Probe  
  22  2:30  Stargate  
  22  2:36  Probe  
  24  2:51  Stargate  
  24  2:56  Probe  
  24  2:58  Forge  
  25  3:05  Pylon  
  25  3:08  Probe  
  26  3:17  Probe  
  27  3:25  Phoenix  
  29  3:27  Probe  
  29  3:29  Probe  
  31  3:35  Phoenix  
  33  3:56  Fleet Beacon  
  33  3:59  Probe  
  33  4:01  Probe  
  35  4:11  Probe  
  32  4:31  Anion Pulse-Crystals  
  32  4:36  Photon Cannon  
  32  4:43  Probe  
  32  4:45  Probe  
  34  4:54  Phoenix  
  34  4:55  Probe  
  34  4:57  Probe  
  38  5:06  Assimilator  
  38  5:07  Probe  
  38  5:09  Probe  
  38  5:10  Assimilator  
  40  5:19  Probe, Pylon  
  41  5:25  Phoenix  
  43  5:32  Phoenix  
  45  5:55  Phoenix  
  47  6:06  Photon Cannon  
  47  6:07  Pylon  
  47  6:36  Phoenix  
  47  6:37  Phoenix  
  51  6:45  Nexus, Stargate  
  51  6:47  Pylon  
  51  6:50  Pylon  
  51  6:52  Assimilator  
  51  6:53  Assimilator  
  51  7:18  Protoss Air Weapons Level 1  
  51  7:20  Phoenix x2  
  55  7:25  Probe  
  55  7:26  Probe  
  57  7:33  Probe  
  57  7:38  Probe  
  59  7:44  Phoenix  
  61  7:51  Photon Cannon  
  61  7:54  Photon Cannon, Phoenix  
  63  8:11  Carrier  
  63  8:26  Probe  
  69  8:28  Probe  
  69  8:31  Pylon  
  69  8:33  Pylon  
  71  8:34  Probe  
  71  8:39  Protoss Shields Level 1  
  72  8:44  Probe  
  72  8:46  Cybernetics Core  
  73  8:52  Twilight Council  
  73  8:56  Probe  
  74  9:06  Carrier  
  79  9:27  Probe  
  79  9:31  Shield Battery  
  80  9:32  Shield Battery  
  80  9:33  Probe  
  80  9:34  Shield Battery  
  81  9:39  Probe  
  82  9:51  Probe  
  82  10:03  Probe  
  78  10:12  Carrier x2  
  70  10:15  Probe  
  71  10:27  Carrier  
  89  10:56  Protoss Air Weapons Level 2  
  89  11:10  Nexus  
  89  11:13  Assimilator  
  89  11:16  Assimilator  
  89  11:25  Pylon  
  89  11:26  Pylon  
  89  11:33  Carrier x2  
  89  11:41  Carrier  
  107  12:06  Pylon  
  107  12:07  Pylon  
  107  12:09  Protoss Shields Level 2  
  107  12:22  Protoss Air Armor Level 1  
  107  12:23  Probe  
  108  12:32  Nexus  
  108  12:35  Probe  
  109  12:37  Assimilator  
  109  12:41  Carrier, Assimilator  
  115  12:47  Probe  
  116  12:52  Carrier  
  122  12:59  Probe  
  123  13:09  Carrier  
  129  13:13  Stargate  
  129  13:20  Probe, Stargate  
  130  13:32  Probe  
  131  13:44  Probe  
  72  14:15  Tempest  
  72  14:16  Tempest x4  
Show
View Real Time Build Order
Export as new Build Order

Pulpinator Protoss - Winner!

Build Orders: Zealot Archon 

Get SALT Encoding   

  12  0:00  Probe  
  13  0:12  Probe  
  14  0:17  Pylon  
  14  0:24  Probe  
  15  0:40  Gateway  
  15  0:42  Probe  
  16  0:54  Probe  
  17  0:58  Pylon  
  17  1:06  Probe  
  18  1:22  Assimilator  
  18  1:25  Assimilator  
  18  1:32  Pylon  
  18  1:41  Zealot  
  18  1:42  Cybernetics Core  
  18  1:46  Probe  
  21  1:58  Probe  
  22  2:10  Probe  
  23  2:23  Twilight Council  
  23  2:30  Probe, Charge  
  23  2:31  Warp Gate  
  24  2:42  Probe  
  25  2:51  Nexus, Pylon  
  25  2:52  Pylon  
  25  3:01  Probe  
  26  3:09  Probe  
  26  3:17  Probe  
  28  3:29  Gateway  
  28  3:30  Probe, Gateway  
  29  3:36  Shield Battery  
  29  3:42  Probe  
  32  3:58  Gateway  
  30  4:18  Probe x2  
  30  4:23  Forge  
  32  4:24  Zealot x2  
  32  4:25  Zealot  
  38  4:34  Probe x2  
  38  4:37  Protoss Ground Weapons Level 1  
  40  4:46  Probe x2  
  42  4:54  Pylon  
  42  4:56  Blink  
  42  5:00  Pylon, Zealot  
  42  5:01  Zealot x3  
  50  5:09  Probe x2  
  52  5:20  Dark Shrine  
  52  5:22  Photon Cannon  
  53  5:28  Probe  
  53  5:29  Photon Cannon, Probe  
  54  5:40  Probe  
  54  5:41  Probe  
  56  5:47  Zealot x4  
  64  5:53  Probe x2  
  64  5:55  Assimilator  
  66  5:58  Assimilator  
  64  6:14  Protoss Ground Armor Level 1  
  58  6:23  Zealot x4  
  62  6:32  Shadow Stride  
  58  6:35  Probe  
  58  6:36  Probe  
  60  6:51  Nexus, Dark Templar x2  
  60  6:52  Pylon  
  64  6:54  Pylon, Dark Templar  
  65  7:06  Archon  
  65  7:19  Dark Templar  
  67  7:24  Dark Templar x2  
  71  7:30  Archon  
  71  7:31  Archon  
  71  7:37  Probe x2  
  73  7:51  Photon Cannon  
  73  7:52  Probe  
  73  7:53  Probe  
  73  7:54  Photon Cannon  
  73  7:56  Shield Battery  
  73  7:57  Shield Battery  
  75  8:00  Gateway x2  
  75  8:03  Photon Cannon, Probe  
  75  8:04  Photon Cannon  
  75  8:05  Probe x2, Protoss Shields Level 1  
  78  8:08  Dark Templar  
  78  8:10  Dark Templar  
  82  8:15  Probe, Dark Templar  
  82  8:19  Dark Templar  
  87  8:23  Archon x2  
  87  8:31  Probe x3  
  90  8:43  Probe x3  
  90  8:48  Gateway  
  93  8:55  Pylon  
  93  8:56  Photon Cannon, Dark Templar  
  93  8:57  Dark Templar  
  93  8:58  Photon Cannon  
  93  9:02  Archon  
  97  9:03  Assimilator  
  97  9:05  Assimilator  
  97  9:09  Dark Templar  
  99  9:10  Dark Templar  
  99  9:14  Archon  
  101  9:37  Robotics Facility  
  99  9:53  Protoss Ground Weapons Level 2  
  95  10:09  Nexus  
  95  10:10  Pylon  
  95  10:11  Pylon  
  95  10:39  Stalker x3  
  95  10:42  Zealot x2  
  95  10:43  Zealot  
  101  10:54  Probe x3  
  103  11:03  Photon Cannon  
  103  11:04  Photon Cannon  
  103  11:06  Pylon  
  103  11:08  Gateway  
  103  11:10  Gateway, Stalker x2  
  103  11:11  Photon Cannon x2  
  107  11:14  Photon Cannon  
  107  11:15  Photon Cannon  
  107  11:19  Assimilator  
  107  11:20  Probe x3  
  107  11:25  Assimilator  
  110  11:32  Probe  
  111  11:53  Stalker  
  111  11:54  Stalker x6  
  125  12:06  Protoss Shields Level 2  
  125  12:22  Zealot x2  
  127  12:23  Zealot x7  
  127  12:28  Probe x4  
  147  12:43  Probe x4, Templar Archives  
  151  12:47  Dark Templar x2  
  155  12:51  Archon  
  155  13:00  Probe  
  156  13:05  Nexus  
  156  13:07  Pylon  
  156  13:08  Pylon  
  156  13:25  Probe x3  
  156  13:26  Pylon  
  159  13:27  Pylon  
  159  13:29  Photon Cannon  
  159  13:31  Photon Cannon x2  
  159  13:32  Assimilator  
  159  13:33  Photon Cannon, Assimilator  
  159  13:42  Stalker x6  
  125  14:15  Zealot x7  
  125  14:16  Zealot x2  
  133  15:05  Stalker x7  
  133  15:06  Stalker x2  
Show
View Real Time Build Order
Export as new Build Order

Tyler Protoss - Winner!

Build Orders: Oracle Opening, Carriers 

Get SALT Encoding   

  12  0:00  Probe  
  13  0:12  Probe  
  14  0:19  Pylon  
  14  0:24  Probe  
  15  0:33  Probe  
  15  0:40  Gateway  
  15  0:41  Probe  
  17  0:52  Probe  
  17  0:54  Assimilator  
  18  1:00  Assimilator  
  18  1:02  Probe  
  18  1:10  Probe  
  20  1:20  Probe  
  21  1:26  Pylon  
  21  1:31  Cybernetics Core  
  21  1:38  Probe  
  22  1:50  Probe  
  23  2:02  Probe  
  24  2:13  Stargate  
  24  2:39  Nexus  
  24  2:47  Oracle  
  24  2:48  Assimilator  
  27  3:09  Probe  
  28  3:12  Pylon  
  28  3:15  Pylon  
  28  3:21  Probe  
  29  3:34  Probe  
  34  3:46  Probe, Void Ray  
  35  3:48  Stargate  
  35  3:58  Probe  
  35  4:01  Probe  
  37  4:09  Pylon  
  37  4:10  Probe  
  37  4:13  Probe  
  39  4:22  Probe  
  41  4:25  Probe  
  41  4:29  Void Ray  
  42  4:34  Probe  
  42  4:37  Probe  
  44  4:47  Forge  
  44  4:51  Phoenix  
  46  5:03  Assimilator, Probe x2  
  46  5:06  Phoenix  
  50  5:15  Probe x2  
  50  5:16  Phoenix  
  54  5:27  Probe x2  
  56  5:30  Protoss Air Weapons Level 1  
  56  5:31  Nexus, Phoenix  
  58  5:39  Probe x2  
  60  5:47  Probe  
  60  5:48  Probe, Pylon  
  60  5:49  Pylon  
  60  5:56  Probe x2  
  62  6:01  Stargate  
  62  6:03  Stargate  
  64  6:05  Assimilator  
  64  6:06  Probe x2  
  64  6:09  Assimilator  
  66  6:16  Phoenix x2  
  66  6:18  Probe x2  
  72  6:35  Photon Cannon  
  72  6:37  Photon Cannon  
  72  6:40  Photon Cannon  
  72  6:43  Photon Cannon  
  72  6:44  Photon Cannon  
  72  6:46  Probe x2  
  74  6:47  Photon Cannon  
  74  6:51  Probe  
  75  6:58  Probe x2  
  77  7:03  Probe  
  72  7:10  Probe x2  
  74  7:15  Probe  
  75  7:27  Protoss Air Armor Level 1  
  75  7:40  Phoenix x4  
  75  7:42  Fleet Beacon  
  83  7:57  Cybernetics Core  
  83  8:05  Phoenix x3  
  89  8:18  Pylon  
  89  8:20  Pylon  
  89  8:23  Pylon  
  89  8:25  Pylon  
  89  8:27  Photon Cannon  
  89  8:29  Photon Cannon, Pylon  
  89  8:30  Photon Cannon, Pylon  
  89  8:32  Pylon x2  
  89  8:33  Probe  
  89  8:34  Probe x2, Pylon  
  92  8:35  Pylon  
  92  8:36  Pylon  
  92  8:38  Pylon  
  92  8:39  Pylon  
  92  8:46  Probe x3  
  95  8:50  Nexus  
  95  8:53  Assimilator, Carrier  
  101  8:57  Assimilator, Carrier  
  101  8:58  Probe x2  
  109  9:17  Protoss Air Weapons Level 2  
  109  9:25  Carrier x2  
  109  9:31  Protoss Air Armor Level 2  
  121  9:58  Carrier  
  101  10:18  Carrier  
  105  10:30  Carrier x2  
  117  10:43  Flux Vanes  
  117  10:56  Probe  
  117  10:57  Probe x3  
  120  11:02  Carrier  
  127  11:09  Probe x4  
  131  11:21  Probe x4  
  131  11:23  Carrier  
  125  11:33  Probe x3  
  125  11:34  Carrier x2  
  136  11:40  Anion Pulse-Crystals  
  136  11:45  Probe x3  
  139  12:01  Nexus  
  139  12:06  Carrier  
  145  12:27  Carrier  
  151  12:31  Stargate  
  151  12:33  Stargate  
  151  12:38  Carrier x2  
  167  13:13  Nexus  
  167  13:15  Assimilator  
  167  13:16  Void Ray  
  167  13:19  Assimilator  
  167  13:23  Tempest  
  171  13:31  Tempest  
  170  13:42  Tempest x2  
  159  13:53  Tempest  
  151  14:12  Probe  
  151  14:13  Probe x2, Tempest  
  158  14:24  Carrier x2, Probe  
  158  14:25  Probe x2, Tempest  
  181  14:31  Void Ray  
  181  14:37  Probe x3  
  187  14:49  Probe x3  
  192  15:06  Probe x2  
  192  15:07  Probe  
  195  15:09  Assimilator  
Tags
 
Add a new tag
Caveats
  • Supply blocks, unpowered buildings, or Contaminate may cause inaccurate times.
  • Supply counts are checked every 10 seconds.